 Dungeon Crawl Stone Soup version 0.28.0-53-g5a82cb258f (webtiles) character file.

Game seed: 17611258774009927745

18 Plasmagod the Sneak (level 2, -1/13 HPs)
             Began as a Spriggan Enchanter on Aug 2, 2022.
             Succumbed to an adder's poison
             ... on level 2 of the Dungeon.
             The game lasted 00:02:01 (1386 turns).

Plasmagod the Sneak (Spriggan Enchanter)            Turns: 1386, Time: 00:02:02

Health: -1/13      AC:  2    Str:  4    XL:     2   Next: 48%
Magic:  6/6        EV: 17    Int: 16    God:
Gold:   35         SH:  0    Dex: 15    Spells: 6/6 levels left

rFire   . . .      SeeInvis +   f - +1 short sword (venom)
rCold   . . .      Faith    .   (no shield)
rNeg    . . .      Spirit   .   b - +0 robe
rPois   .          Reflect  .   (helmet restricted)
rElec   .          Harm     .   (no cloak)
rCorr   .          Rampage  .   (gloves unavailable)
Will    .....                   (boots unavailable)
Stlth   +++.......              (no amulet)
HPRegen 0.04/turn               (no ring)
MPRegen 0.10/turn               (no ring)

@: lethally poisoned (-1 -> -7), very quick
A: very small, no large weapons, unfitting armour, see invisible, speed 3
a: no special abilities


You were on level 2 of the Dungeon.
You visited 1 branch of the dungeon, and saw 2 of its levels.

You collected 35 gold pieces.

Inventory:

Hand Weapons
 a - a +1 dagger
 f - a +1 short sword of venom (weapon)
Armour
 b - a +0 robe (worn)
Scrolls
 d - a scroll of enchant armour {unknown}
 e - a scroll of magic mapping {unknown}
 g - a scroll of teleportation {unknown}
 h - a scroll of enchant weapon {unknown}
Potions
 c - a potion of invisibility
 i - a potion of curing {unknown}


   Skills:
 - Level 1.2 Short Blades
 - Level 2.8 Dodging
 + Level 5.5 Stealth
 - Level 2.8 Spellcasting
 - Level 3.7 Hexes


You had 6 spell levels left.
You didn't know any spells.
Your spell library contained the following spells:

 Spells                   Type           Power      Damage    Failure   Level
 Confusing Touch          Hex            14%        N/A       12%         3
 Tukima's Dance           Hex            14%        N/A       12%         3
 Ensorcelled Hibernation  Hex/Ice        16%        N/A       14%         2
 Dazzling Flash           Conj/Hex       16%        N/A       26%         3
 Blink                    Tloc           4%         N/A       28%         2
 Manifold Assault         Tloc           2%         N/A       99%         5
 Storm Form               Tmut/Air       1%         N/A       100%        7


Dungeon Overview and Level Annotations

Branches:
Dungeon (2/15)

Altars:

Shops:
D:1 !


Innate Abilities, Weirdness & Mutations

You are very small and have problems with some larger weapons.
You are too small for most types of armour.
You have supernaturally acute eyesight. (SInv)
You cover ground extremely quickly. (Speed+++)


Message History

You kill the kobold!
HP restored.
Things that are here:
a +0 short sword; a kobold corpse You open the door.
There is an open door here.
i - a brown potion An adder comes into view.
You see here 8 gold pieces.
You now have 35 gold pieces (gained 8).
The adder hisses angrily.
You barely miss the adder. The adder misses you.
You barely miss the adder. The adder closely misses you.
You hit the adder but do no damage. The adder closely misses you.
The adder completely misses you.
You hit the adder.
The adder is lightly wounded.
The adder bites you.
You barely miss the adder.
The adder is lightly wounded.
The adder bites you.
You are poisoned.
The adder poisons you!
You closely miss the adder.
The adder is lightly wounded.
You feel sick. The adder bites you but does no damage.
You hit the adder but do no damage.
The adder is lightly wounded.
You feel sick. The adder misses you. x2
Your +1 short sword of venom begins to drip with poison!
f - a +1 short sword of venom (weapon)
You closely miss the adder.
The adder is lightly wounded.
You feel sick. The adder bites you.
* * * LOW HITPOINT WARNING * * *
You are more poisoned.
The adder poisons you! The adder barely misses you.
You closely miss the adder.
The adder is lightly wounded.
You die...

###..#....#.####.
=................ ......
.......# #...###....#
#..........#
#..........# #
#..........# ..
.#######..##.#....# ...
......S@......##'## ..
..........#.#.##)##.####
..........#.#...........
............#..#.##.....
#.#########.#....#######
# #.................
..........>.......
#..........#####..
#..........# .


You could see an adder.

Vanquished Creatures
  4 ball pythons (D:1)
  A bat (D:1)
  An endoplasm (D:1)
  A giant cockroach (D:1)
  A goblin (D:1)
  A quokka (D:1)
  A frilled lizard (D:1)
  3 kobolds
  3 rats (D:1)
16 creatures vanquished.

Notes
Turn   | Place    | Note
-------+----------+-------------------------------------------
     0 | D:1      | Plasmagod the Spriggan Enchanter began the quest for the
                  | Orb.
     0 | D:1      | Reached XP level 1. HP: 9/9 MP: 5/5
    62 | D:1      | Found a faded altar of an unknown god.
   270 | D:1      | Reached skill level 5 in Stealth
   270 | D:1      | Reached XP level 2. HP: 13/13 MP: 6/6
   978 | D:1      | Found Zoasan's Distillery.
  1386 | D:2      | Succumbed to an adder's poison

Illustrated notes

Levels and vault maps discovered:
D:1:      matt_arrival_los_fun, layout_basic, serial_shops,
          nicolae_shop_behind_doors, ebering_ecumenical_altar_abandoned
D:2:      layout_basic

Skill      XL: |  1 |
---------------+----+-----
Stealth        | 5 |  5.5
Short Blades   | |  1.2
Dodging        | |  2.8
Spellcasting   | |  2.8
Hexes          | |  3.7

Action                   || total
-------------------------++-------
Melee: Dagger            ||    64
       Short sword       ||     2
 Stab: Sleeping          ||     8
Armor: Robe              ||     6
Dodge: Dodged            ||    39
